 Dungeon Crawl Stone Soup version 0.15.2 (webtiles) character file.

6094 Ge0ff the Slicer (level 10, -3/71 HPs)
             Began as a Vampire Skald on Dec 2, 2022.
             Was a Priest of Kikubaaqudgha.
             Slain by a freezing wraith (6 damage)
             ... on Level 9 of the Dungeon.
             The game lasted 01:01:45 (11776 turns).

Ge0ff the Slicer (Vampire Skald)                   Turns: 11776, Time: 01:01:45

HP  -3/71        AC  7     Str 20      XL: 10   Next: 58%
MP  19/22        EV 12     Int 17      God: Kikubaaqudgha [***...]
Gold 577         SH  5     Dex 13      Spells:  6 memorised,  3 levels left

rFire  . . .     SeeInvis +     b - +5 dagger
rCold  . . .     Clarity  .     J - +0 leather armour
rNeg   + . .     rCorr    .     F - +0 buckler
rPois  .         rRot     .     p - +2 helmet
rElec  .         Spirit   .     Y - +0 cloak
SustAb .         Warding  .     (no gloves)
rMut   .         Stasis   .     (no boots)
Gourm  .                        (no amulet)
MR     +....                    (no ring)
                                B - +4 ring of strength

@: mighty, about to teleport, very slightly contaminated, slowed, very slow,
somewhat resistant to hostile enchantments, unstealthy
A: bottle blood, fangs 3, see invisible, unbreathing
a: Bat Form, Bottle Blood, Receive Corpses, Renounce Religion


You were on level 9 of the Dungeon.
You worshipped Kikubaaqudgha.
Kikubaaqudgha was most pleased with you.
You were not thirsty.

You visited 2 branches of the dungeon, and saw 11 of its levels.
You also visited: Sewer.

You collected 577 gold pieces.

Inventory:

Hand weapons
 a - a +2 dagger of venom
 b - a +5 dagger (weapon)
 i - a +0 long sword
 l - a +2 short sword
 y - a +2 long sword of freezing
 C - a +0 blowgun
 G - a +0 antimagic dagger
 M - a cursed -3 dagger
 P - a cursed -2 dagger
 S - a +2 vampiric dagger
Missiles
 g - 88 poisoned needles
 k - 105 arrows
 n - 17 arrows of frost
 K - 7 tomahawks (quivered)
 R - a throwing net {!f}
Armour
 p - a +2 helmet (worn)
 s - a +2 scale mail of positive energy
 z - a cursed +0 scale mail
 F - a +0 buckler (worn)
 J - a +0 leather armour (worn)
 N - the +1 leather armour of Circular Logic {Str+3 Int-2}
   (You found it on level 6 of the Dungeon)

   It affects your strength (+3).
   It affects your intelligence (-2).
 V - a cursed -1 scale mail
 X - a +2 plate armour of fire resistance
 Y - a +0 cloak (worn)
Magical devices
 o - a wand of paralysis (0)
 x - a wand of random effects (9)
 D - a wand of draining (1)
Scrolls
 h - 2 scrolls of enchant armour
 E - 2 scrolls of enchant weapon
 T - 2 scrolls of teleportation
Jewellery
 B - a +4 ring of strength (left hand)
Potions
 e - 4 potions of restore abilities
 j - 2 potions of cure mutation {!q}
 q - a potion of curing
 u - 3 potions of blood
 v - a potion of lignification {unknown}
 A - a potion of haste {unknown}
 H - a potion of resistance {unknown}
 I - a potion of berserk rage {unknown}
 O - a potion of brilliance {unknown}
 Q - a potion of mutation {!q}
 U - a potion of magic {!q}
 W - 2 potions of heal wounds {!q}
 Z - a potion of might
Books
 r - Kikubaaqudgha's Disquisition on Evil Rites
   (Kikubaaqudgha gifted it to you on level 9 of the Dungeon)

   Spells                             Type                      Level
   Animate Dead                       Necromancy                   4
   Excruciating Wounds                Charms/Necromancy            5
   Bolt of Draining                   Conjuration/Necromancy       5
   Dispel Undead                      Necromancy                   5
   Twisted Resurrection               Necromancy                   5
 t - a book of Burglary

   Spells                             Type                      Level
   Swiftness                          Charms/Air                   2
   *Passwall                          Transmutation/Earth          3
   Passage of Golubria                Translocation                4
   Lee's Rapid Deconstruction         Earth                        5
   Invisibility                       Hexes                        6
   Darkness                           Hexes                        7
 L - Kikubaaqudgha's Almanac of Black Rituals
   (Kikubaaqudgha gifted it to you on level 5 of the Dungeon)

   Spells                             Type                      Level
   Pain                               Necromancy                   1
   Corpse Rot                         Necromancy                   2
   Sublimation of Blood               Necromancy                   2
   *Regeneration                      Charms/Necromancy            3
   *Control Undead                    Necromancy                   4
Miscellaneous
 m - a plain deck of changes
 w - a plain deck of changes


   Skills:
 - Level 4.0 Fighting
 - Level 8.0 Short Blades
 - Level 1.4 Throwing
 - Level 3.0 Armour
 - Level 4.0 Dodging
 - Level 3.7 Stealth
 - Level 4.0 Shields
 - Level 5.0 Spellcasting
 - Level 6.2 Hexes
 - Level 5.0 Charms
 + Level 4.4 Necromancy
 - Level 2.4 Translocations
 - Level 4.6 Transmutations
 - Level 3.6 Earth Magic
 - Level 2.6 Evocations


You had 3 spell levels left.
You knew the following spells:

 Your Spells              Type           Power        Failure   Level  Hunger
a - Infusion              Chrm           ###...       1%          1    None
p - Spectral Weapon       Hex/Chrm       ###.....     6%          3    ###....
r - Regeneration          Chrm/Necr      ###.......   10%         3    ###....
s - Shroud of Golubria    Chrm/Tloc      ###.......   4%          2    #......
w - Passwall              Trmt/Erth      ###.......   10%         3    ###....
C - Control Undead        Necr           ###.......   24%         4    ####...


Dungeon Overview and Level Annotations

Branches:
Dungeon (10/15)            Temple (1/1) D:5            Lair (0/8) D:9
    Orc: D:9-12

Altars:
Ashenzari
Cheibriados
Dithmenos
Elyvilon
Fedhas
Kikubaaqudgha
Makhleb
Nemelex Xobeh
Okawaru
Qazlal
Sif Muna
Trog
Vehumet
Xom
Yredelemnul
Zin
The Shining One

Annotations:
D:9 hydra zombie


Innate Abilities, Weirdness & Mutations

You can bottle blood from corpses.
You have razor-sharp teeth.
You have supernaturally acute eyesight.
You can survive without breathing.


Message History

Level annotation: hydra zombie
There is a stone staircase leading down here.
Casting: Control Undead
Confirm with . or Enter, or press ? or * to list all spells.
You miscast Spectral Weapon.
You are very lightly contaminated with residual magic.
The freezing wraith hits you! The freezing wraith freezes you!!
The freezing wraith hits you! The freezing wraith drains your vigor!
You feel as though you will be slow longer.
* * * LOW HITPOINT WARNING * * *
The freezing wraith misses you. The freezing wraith closely misses you.
Read which item? (? for menu, Esc to quit)
As you read the scroll of teleportation, it crumbles to dust.
You feel strangely unstable. The freezing wraith hits you!
* * * LOW HITPOINT WARNING * * *
The freezing wraith freezes you!
* * * LOW HITPOINT WARNING * * *
The freezing wraith hits you.
You die...
Kikubaaqudgha rasps: "You have failed me!
Welcome... oblivion!"

#.# #...###.# ###..###'##
##'##### ##+.[###.## #..........
.......# #.[[<.....# #..........
.#####.# #.........####..........
.....#.###.........'.##..........
##.###.+.#.........#..'..........
.......#.#.........####..........
####'###.#.......W.# #..........
#(# #.'......@..# #.......... #)#
##..........# ####+..#### ##)#
#.####.+#### #.#.## #.)# #.#
#...#### #.#..# ###'## ##.#
#.#...<# #.##.# #....# #..#
##.####+## #.##.##
#....###.####........# #.##..##
#....+......#........# #.###...
#....###.##....>.....#####.##...#


You could see a freezing wraith.

Vanquished Creatures
  The ghost of Lightli the Basher, an experienced TeDK of Yredelemnul (D:7)
  A hill giant (D:9)
  Grinder (D:3)
  A spriggan (D:8)
  A yak (D:5)
  Eustachio (D:8)
  A wyvern (D:5)
  Edmund (D:8)
  Menkaure (D:4)
  A water moccasin (D:5)
  3 sky beasts (D:9)
  2 ice beasts
  An orc warrior (D:7)
  A black bear (D:8)
  3 ogres (D:9)
  2 phantoms
  3 centaurs
  Sigmund (D:2)
  Duvessa (D:4)
  A big kobold (D:9)
  4 giant frogs
  4 scorpions
  3 electric eels (D:7)
  3 killer bees (D:8)
  3 crimson imps
  4 wights (D:9)
  Dowan (D:4)
  2 goliath beetles
  6 hounds
  A jelly (D:9)
  A gnoll shaman (D:9)
  An iguana (D:4)
  5 orc priests
  4 orc wizards
  A kobold skeleton (D:9)
  6 worker ants
  Ijyb (D:4)
  A hound skeleton (D:4)
  A hound zombie (D:6)
  16 adders
  21 gnolls
  2 green rats (D:3)
  7 giant mites
  7 worms
  4 shadow imps
  An orc zombie (D:5)
  An adder skeleton (D:6)
  9 giant geckos
  2 oozes
  36 orcs
  13 giant cockroaches
  14 hobgoblins
  3 jackals (D:6)
  18 kobolds
  4 quokkas
  3 ball pythons
  17 bats
  12 giant newts
  A giant spore (D:9)
  14 goblins
  A goblin skeleton (D:5)
  2 hobgoblin zombies
  3 orc skeletons
  A quokka skeleton (D:8)
  13 rats
  A rat skeleton (D:6)
  4 ballistomycetes
  A butterfly (D:5)
311 creatures vanquished.

Vanquished Creatures (others)
  4 spectral weapons
  An adder (D:4)
  2 goblins
  A giant spore (D:4)
8 creatures vanquished.

Grand Total: 319 creatures vanquished

Notes
Turn   | Place    | Note
--------------------------------------------------------------
     0 | D:1      | Ge0ff, the Vampire Skald, began the quest for the Orb.
     0 | D:1      | Reached XP level 1. HP: 16/16 MP: 3/3
   348 | D:1      | Reached skill level 1 in Armour
   498 | D:1      | Reached XP level 2. HP: 22/22 MP: 1/4
   562 | D:1      | Reached skill level 1 in Stealth
  1022 | D:2      | Noticed Sigmund
  1049 | D:2      | Reached XP level 3. HP: 18/27 MP: 0/6
  1054 | D:2      | Learned a level 3 spell: Spectral Weapon
  1258 | D:2      | Reached skill level 1 in Hexes
  1284 | D:2      | Reached XP level 4. HP: 14/33 MP: 0/7
  1863 | D:2      | Reached skill level 4 in Short Blades
  1863 | D:2      | Reached XP level 5. HP: 23/38 MP: 1/9
  2322 | D:2      | Killed Sigmund
  2446 | D:3      | Found a sparkling altar of Nemelex Xobeh.
  2447 | D:3      | Noticed Grinder
  2471 | D:3      | Killed Grinder
  2471 | D:3      | Reached skill level 5 in Hexes
  2471 | D:3      | Reached XP level 6. HP: 31/44 MP: 2/11
  2626 | D:3      | Found a glowing drain.
  2661 | D:3      | Reached skill level 5 in Short Blades
  2693 | Sewer    | Entered a sewer
  2749 | Sewer    | Reached XP level 7. HP: 50/50 MP: 9/13
  2964 | Sewer    | Reached skill level 5 in Charms
  3193 | D:3      | Learned a level 3 spell: Regeneration
  3196 | D:3      | Learned a level 2 spell: Shroud of Golubria
  3451 | D:3      | Reached skill level 1 in Evocations
  4591 | D:4      | Invisibility! <3
  4597 | D:4      | Learned a level 3 spell: Passwall
  4690 | D:4      | Noticed Menkaure
  4706 | D:4      | Killed Menkaure
  4706 | D:4      | Reached skill level 6 in Short Blades
  4706 | D:4      | Reached skill level 1 in Necromancy
  4706 | D:4      | Reached XP level 8. HP: 44/57 MP: 13/16
  4996 | D:4      | Reached skill level 1 in Translocations
  5232 | D:4      | Noticed Duvessa
  5232 | D:4      | Noticed Dowan
  5272 | D:4      | Killed Duvessa
  5272 | D:4      | Reached skill level 1 in Earth Magic
  5286 | D:4      | Killed Dowan
  5385 | D:4      | Noticed Ijyb
  5397 | D:4      | Killed Ijyb
  5397 | D:4      | Reached skill level 1 in Transmutations
  5608 | D:5      | Entered Level 5 of the Dungeon
  5608 | D:5      | Found a staircase to the Ecumenical Temple.
  5635 | Temple   | Entered the Ecumenical Temple
  5636 | Temple   | it only took 27 min
  5848 | Temple   | Became a worshipper of Kikubaaqudgha
  6118 | D:5      | Acquired Kikubaaqudgha's first power
  6118 | D:5      | Received a gift from Kikubaaqudgha
  6122 | D:5      | Identified Kikubaaqudgha's Almanac of Black Rituals (Kikubaaqudgha gifted it to you on level 5 of the Dungeon)
  6238 | D:5      | Reached XP level 9. HP: 61/63 MP: 17/20
  7189 | D:6      | Got a jewelled leather armour
  7620 | D:6      | Found a glowing silver altar of Zin.
  7639 | D:6      | Reached skill level 1 in Shields
  7691 | D:6      | Found a shadowy altar of Dithmenos.
  7871 | D:7      | Noticed Lightli's ghost (experienced TeDK)
  7946 | D:6      | Learned a level 4 spell: Control Undead
  7959 | D:7      | Found a bloodstained altar of Trog.
  8303 | D:7      | Identified the +1 leather armour of Circular Logic {Str+3 Int-2} (You found it on level 6 of the Dungeon)
  8441 | D:7      | Found a shadowy altar of Dithmenos.
  8530 | D:7      | Acquired Kikubaaqudgha's second power
  8917 | D:7      | Killed Lightli's ghost
  8917 | D:7      | Reached skill level 7 in Short Blades
  9125 | D:8      | Noticed Edmund
  9151 | D:8      | Killed Edmund
  9520 | D:8      | Found a glowing golden altar of the Shining One.
  9706 | D:8      | Reached XP level 10. HP: 71/71 MP: 18/21
  9787 | D:8      | Noticed Eustachio
  9804 | D:8      | Killed Eustachio
 10429 | D:9      | Noticed a hill giant
 10438 | D:9      | Reached skill level 1 in Throwing
 10445 | D:9      | Killed a hill giant
 10500 | D:9      | Received a gift from Kikubaaqudgha
 10506 | D:9      | Identified Kikubaaqudgha's Disquisition on Evil Rites (Kikubaaqudgha gifted it to you on level 9 of the Dungeon)
 10581 | D:9      | Found a staircase to the Lair.
 11075 | D:9      | Reached skill level 8 in Short Blades
 11075 | D:9      | Reached skill level 5 in Spellcasting
 11128 | D:9      | Found a shattered altar of Ashenzari.
 11756 | D:10     | Entered Level 10 of the Dungeon
 11767 | D:10     | Noticed an iron golem
 11769 | D:10     | Noticed an iron golem
 11776 | D:9      | HP: 3/71 [freezing wraith (8)]
 11776 | D:9      | Slain by a freezing wraith

Action                   |  1- 3 |  4- 6 |  7- 9 | 10-12 || total
-------------------------+-------+-------+-------+-------++-------
Melee: Short sword       |    69 |       |       |       ||    69
       Dagger            |    53 |   117 |   696 |   265 ||  1131
Throw: Tomahawk          |       |       |     8 |    19 ||    27
 Cast: Infusion          |     6 |     6 |     2 |       ||    14
       Spectral Weapon   |       |     4 |    38 |     6 ||    48
       Regeneration      |       |       |     4 |     6 ||    10
       Shroud of Golubri |       |       |     2 |       ||     2
       Control Undead    |       |       |       |     3 ||     3
       Passwall          |       |       |       |     2 ||     2
 Abil: Bottle Blood      |       |       |    16 |     2 ||    18
Evoke: Wand              |       |       |    12 |    17 ||    29
  Use: Scroll            |     3 |     3 |    13 |     2 ||    21
       Potion            |     1 |       |     6 |     2 ||     9
 Stab: Sleeping          |       |     1 |     7 |     5 ||    13
       Distracted        |       |     1 |     6 |     1 ||     8
       Invisible         |       |       |     1 |       ||     1
  Eat: Corpse            |    10 |    13 |    47 |    12 ||    82

Vault maps used:
D:1:      dpeg_arrival_oval
D:2:      uniq_sigmund
D:3:      wad_crossroads, nemelex_deck, portal_sewer_entry_c, first_bread,
          minmay_misc_feat_plants, minmay_cut_off, uniq_grinder
D:4:      kennysheep_the_goblin_king, uniq_menkaure, uniq_duvessa
D:5:      hangedman_cross_stitches, minmay_temple_entry_butterflies
D:6:      serial_park_square1, kennysheep_mini,
          grunt_dithmenos_smoke_and_mirrors, uniq_iyjb
D:7:      kennysheep_little_box, serial_pond, minmay_pond_plants_r,
          minmay_pond_plants_m, minmay_pond_plants_s, minmay_pond_plants_u,
          basic_altar
D:8:      old_standard_altar, the_bakery, uniq_edmund, uniq_eustachio
D:9:      lemuel_crystal_altar, lair_0_dummy
D:10:     cheibrodos_stairvault_heist
Temple:   chambers_temple_12
Sewer:    sewer_frog_island_01
